Calgary Flames vs Toronto Maple Leafs
(R1)
Created - Saturday, September 21, 2024 at 09:43
Goals
|
| Calgary Flames |
3 |
0 |
0 |
3 |
| Toronto Maple Leafs |
0 |
1 |
0 |
1 |
|
Shots
|
| Calgary Flames |
14 |
11 |
8 |
33 |
| Toronto Maple Leafs |
6 |
12 |
11 |
29 |
|
1st period
1. Calgary Flames , Sebastian Aho 17 (Kris Letang 7) at 4:23
2. Calgary Flames , Jeff Petry 2 (J.T. Miller 27, Sebastian Aho 17) at 10:31 (PP)
3. Calgary Flames , Joel Eriksson Ek 10 (Sebastian Aho 18, Zach Hyman 5) at 16:13
Penalties :
Brady Tkachuk (TOR) for Cross-checking (Minor) at 5:44, Quinton Byfield (TOR) for Interference (Minor) at 9:38, Kris Letang (CGY) for Holding (Minor) at 12:39
2nd period
4. Toronto Maple Leafs , Wyatt Johnston 13 (Quinton Byfield 12, Mario Ferraro 3) at 18:48
Penalties :
Brady Tkachuk (TOR) for Fighting (Major) at 0:35, Matthew Tkachuk (CGY) for Fighting (Major) at 0:35, Brady Tkachuk (TOR) for instigated a fight (Minor) at 0:35, Brady Tkachuk (TOR) for instigated a fight (10 Minutes Misconduct) at 0:35, J.T. Miller (CGY) for Tripping (Minor) at 1:16, Garnet Hathaway (CGY) for Tripping (Minor) at 11:19, Mathieu Joseph (CGY) for Holding (Minor) at 14:47
3rd period
No Goal
Penalties :
Matthew Tkachuk (CGY) for Slashing (Minor) at 3:33, Joel Eriksson Ek (CGY) for Interference (Minor) at 13:31, Nick Bjugstad (TOR) for Slashing (Minor) at 16:32
Goalie Stats
Ilya Sorokin (CGY), 28 saves from 29 shots - (0.966), W, 14-10-1, 60:00 minutes
Frederik Andersen (TOR), 30 saves from 33 shots - (0.909), L, 4-3-2, 60:00 minutes
Players Stats for Calgary Flames
Player Name G A P +/- PIM S H SB GA TA FO MP PP MP PK MP
------------------------------------------------------------------------------------
Cole Sillinger 0 0 0 0 0 2 2 0 0 0 1/1 14:44 0:00 2:02
Drew Doughty 0 0 0 0 0 3 1 0 1 3 0/0 23:20 2:18 5:14
Garnet Hathaway 0 0 0 0 2 0 1 0 1 0 0/0 7:02 0:00 0:00
J.T. Miller 0 1 1 0 2 5 1 1 1 0 7/16 15:01 2:59 0:32
Jake Middleton 0 0 0 1 0 1 0 2 0 1 0/0 12:48 0:00 0:00
Jeff Petry 1 0 1 0 0 3 1 1 0 1 0/0 24:13 3:14 5:45
Jeremy Lauzon 0 0 0 1 0 2 3 0 0 0 0/0 13:44 0:00 0:54
Joel Eriksson Ek 1 0 1 1 2 2 1 0 0 1 1/5 18:28 2:14 4:25
Kris Letang 0 1 1 0 2 2 1 1 0 0 0/0 22:04 2:18 3:57
Mathieu Joseph 0 0 0 0 2 1 2 0 0 0 0/0 12:12 0:00 0:00
Matthew Tkachuk 0 0 0 0 7 2 0 0 0 0 0/0 18:22 1:37 4:04
Nic Dowd 0 0 0 0 0 1 0 0 1 0 3/4 9:35 1:38 0:00
Oliver Bjorkstrand 0 0 0 0 0 0 0 0 0 1 2/6 12:22 0:49 0:02
Pavel Zacha 0 0 0 0 0 0 2 0 0 0 6/10 20:00 1:38 5:04
Rasmus Andersson 0 0 0 0 0 1 1 0 0 1 0/0 23:52 3:14 5:22
Sebastian Aho 1 2 3 1 0 3 0 0 0 0 8/15 19:39 2:28 5:03
Yakov Trenin 0 0 0 0 0 1 0 1 0 0 0/0 6:48 0:00 0:00
Zach Hyman 0 1 1 1 0 4 1 0 1 0 1/1 13:45 3:12 0:00
Players Stats for Toronto Maple Leafs
Player Name G A P +/- PIM S H SB GA TA FO MP PP MP PK MP
------------------------------------------------------------------------------------
Aaron Ekblad 0 0 0 0 0 2 3 1 1 0 0/0 20:54 5:10 2:38
Andrew Mangiapane 0 0 0 0 0 1 2 0 0 0 0/0 16:15 1:42 2:24
Brady Tkachuk 0 0 0 -1 19 3 3 1 0 0 0/0 13:20 3:29 0:22
Brandon Saad 0 0 0 0 0 0 1 0 0 0 0/2 13:01 4:57 0:10
Cody Ceci 0 0 0 1 0 0 0 2 0 1 0/0 18:01 1:09 2:54
Dougie Hamilton 0 0 0 -2 0 1 2 2 0 0 0/0 18:28 4:39 0:00
Mario Ferraro 0 1 1 1 0 0 1 2 0 2 0/0 17:33 0:00 2:38
Nick Bjugstad 0 0 0 0 2 0 0 0 1 0 10/12 13:01 0:04 1:30
Nicolas Roy 0 0 0 -1 0 6 4 1 0 0 0/0 14:27 0:00 2:42
Nino Niederreiter 0 0 0 0 0 3 0 0 1 0 0/0 11:09 0:00 0:00
Quinton Byfield 0 1 1 0 2 1 3 1 1 0 0/1 17:59 4:56 0:34
Ryan Pulock 0 0 0 0 0 1 0 4 1 0 0/0 23:29 5:27 2:54
Sam Bennett 0 0 0 0 0 1 0 0 0 0 0/0 7:04 0:40 0:00
Scott Laughton 0 0 0 0 0 0 0 1 1 0 2/5 11:01 0:00 2:26
Sean Walker 0 0 0 -2 0 1 0 0 1 2 0/0 21:35 4:47 0:00
Tomas Hertl 0 0 0 -1 0 4 0 0 1 0 11/18 17:46 5:32 0:00
Troy Terry 0 0 0 0 0 4 1 2 0 0 0/0 19:09 5:31 0:00
Wyatt Johnston 1 0 1 0 0 1 1 1 0 0 6/20 18:54 4:57 0:56
3 Stars
1 - Sebastian Aho (CGY)
2 - Ilya Sorokin (CGY)
3 - Jeff Petry (CGY)
Power Play
Calgary Flames - 1 on 4 Attempt(s) - 25.00%
Toronto Maple Leafs - 0 on 6 Attempt(s) - 0.00%
Penalty Kill
Calgary Flames - 6 on 6 Attempt(s) - 100.00%
- Score 0 goal in Penalty Kill
Toronto Maple Leafs - 3 on 4 Attempt(s) - 75.00%
- Score 0 goal in Penalty Kill
Team Stat
Calgary Flames - Hits : 17 - Faceoff Wins : 29 - Blocked Shots : 6 - Penalty Minutes : 17
Toronto Maple Leafs - Hits : 21 - Faceoff Wins : 29 - Blocked Shots : 18 - Penalty Minutes : 23
Official
Referees : Francis Charron and Eric Furlatt
Linesman : Bryan Pancich and Tyson Baker
Game Notes
Matthew Tkachuk beats up Brady Tkachuk at 0:35 of 2nd period
12:41 of 2nd period - Toronto Maple Leafs goal is going for a video replay. After video review, No Goal. The puck has entered the net after making contact with an attacking player’s stick that is above the height of the crossbar.
Finance
Level 1 -- Attendance: 5843 (97.38%) -- Ticket Income $549,242
Level 2 -- Attendance: 5000 (100.00%) -- Ticket Income $270,000
Level 3 -- Attendance: 2964 (98.80%) -- Ticket Income $97,812
Level 4 -- Attendance: 5000 (100.00%) -- Ticket Income $105,000
Luxury Box -- Attendance: 999 (99.90%) -- Ticket Income $192,807
Game was played at the Air Canada Centre.
Total Attendance: 19806 (99.03%)
Total Ticket Income: $1,214,861
Other Income: $425,201
Total Income: $1,640,062
Calgary Flames
5 vs 5 Forward
Center Left Wing Right Wing Time % Phy DF OF
1 J.T. Miller Pavel Zacha Matthew Tkachuk 30 1 2 2
2 Sebastian Aho Zach Hyman Joel Eriksson Ek 30 1 2 2
3 Oliver Bjorkstrand Cole Sillinger Mathieu Joseph 25 1 2 2
4 Nic Dowd Yakov Trenin Garnet Hathaway 15 1 2 2
5 vs 5 Defense
Defense Defense Time % Phy DF OF
1 Drew Doughty Kris Letang 35 1 2 2
2 Rasmus Andersson Jeff Petry 35 1 2 2
3 Jake Middleton Jeremy Lauzon 30 1 2 2
4 Drew Doughty Kris Letang 0 1 2 2
PowerPlay Forward
Center Left Wing Right Wing Time % Phy DF OF
1 Joel Eriksson Ek Pavel Zacha Matthew Tkachuk 50 1 2 2
2 Sebastian Aho Zach Hyman J.T. Miller 50 1 2 2
PowerPlay Defense
Defense Defense Time % Phy DF OF
1 Drew Doughty Kris Letang 50 1 2 2
2 Rasmus Andersson Jeff Petry 50 1 2 2
Penalty Kill 4 Players Forward
Center Wing Time % Phy DF OF
1 Pavel Zacha Sebastian Aho 50 1 2 2
2 Joel Eriksson Ek Matthew Tkachuk 50 1 2 2
Penalty Kill 4 Players Defense
Defense Defense Time % Phy DF OF
1 Drew Doughty Kris Letang 50 1 2 2
2 Rasmus Andersson Jeff Petry 50 1 2 2
Penalty Kill - 3 Players Forward
Forward Time % Phy DF OF
1 Matthew Tkachuk 50 1 2 2
2 Sebastian Aho 50 1 2 2
Penalty Kill - 3 Players Defense
Defense Defense Time % Phy DF OF
1 Drew Doughty Kris Letang 50 1 2 2
2 Rasmus Andersson Jeff Petry 50 1 2 2
4 vs 4 Forward
Center Wing Time % Phy DF OF
1 Pavel Zacha Sebastian Aho 50 1 2 2
2 Joel Eriksson Ek Matthew Tkachuk 50 1 2 2
4 vs 4 Defense
Defense Defense Time % Phy DF OF
1 Drew Doughty Kris Letang 50 1 2 2
2 Rasmus Andersson Jeff Petry 50 1 2 2
Last Minutes Offensive
Center Left Wing Right Wing Defense Defense
J.T. Miller Pavel Zacha Matthew Tkachuk Drew Doughty Kris Letang
Last Minutes Defensive
Center Left Wing Right Wing Defense Defense
J.T. Miller Pavel Zacha Matthew Tkachuk Drew Doughty Kris Letang
Goaltenders
Starting : Ilya Sorokin
Backup : Samuel Montembeault
Extra Forwards
Normal : Nic Dowd, Oliver Bjorkstrand, Cole Sillinger - PP : Nic Dowd, Oliver Bjorkstrand - PK : Cole Sillinger
Extra Defensemen
Normal : Jake Middleton, Jeremy Lauzon, Rasmus Andersson - PP : Jake Middleton - PK : Jeremy Lauzon, Rasmus Andersson
Penalty Shots
J.T. Miller, Sebastian Aho, Joel Eriksson Ek, Matthew Tkachuk, Pavel Zacha
Scratches
Timo Meier (Sore Right Knee Injury), Noel Acciari (Healthy), Rafael Harvey-Pinard (Healthy)
Toronto Maple Leafs
5 vs 5 Forward
Center Left Wing Right Wing Time % Phy DF OF
1 Tomas Hertl Brady Tkachuk Nicolas Roy 30 1 2 2
2 Wyatt Johnston Quinton Byfield Troy Terry 30 1 2 2
3 Nick Bjugstad Nino Niederreiter Andrew Mangiapane 25 1 2 2
4 Scott Laughton Sam Bennett Brandon Saad 15 1 2 2
5 vs 5 Defense
Defense Defense Time % Phy DF OF
1 Aaron Ekblad Ryan Pulock 33 1 2 2
2 Mario Ferraro Cody Ceci 32 1 2 2
3 Sean Walker Dougie Hamilton 31 1 2 2
4 Mario Ferraro Cody Ceci 4 1 2 2
PowerPlay Forward
Center Left Wing Right Wing Time % Phy DF OF
1 Tomas Hertl Brady Tkachuk Troy Terry 50 1 2 2
2 Wyatt Johnston Quinton Byfield Brandon Saad 50 1 2 2
PowerPlay Defense
Defense Defense Time % Phy DF OF
1 Dougie Hamilton Aaron Ekblad 50 1 2 2
2 Ryan Pulock Sean Walker 50 1 2 2
Penalty Kill 4 Players Forward
Center Wing Time % Phy DF OF
1 Nick Bjugstad Nicolas Roy 50 1 2 2
2 Scott Laughton Andrew Mangiapane 50 1 2 2
Penalty Kill 4 Players Defense
Defense Defense Time % Phy DF OF
1 Aaron Ekblad Mario Ferraro 50 1 2 2
2 Cody Ceci Ryan Pulock 50 1 2 2
Penalty Kill - 3 Players Forward
Forward Time % Phy DF OF
1 Nick Bjugstad 50 1 2 2
2 Scott Laughton 50 1 2 2
Penalty Kill - 3 Players Defense
Defense Defense Time % Phy DF OF
1 Mario Ferraro Aaron Ekblad 50 1 2 2
2 Cody Ceci Ryan Pulock 50 1 2 2
4 vs 4 Forward
Center Wing Time % Phy DF OF
1 Scott Laughton Troy Terry 50 1 2 2
2 Wyatt Johnston Brady Tkachuk 50 1 2 2
4 vs 4 Defense
Defense Defense Time % Phy DF OF
1 Cody Ceci Mario Ferraro 50 1 2 2
2 Aaron Ekblad Ryan Pulock 50 1 2 2
Last Minutes Offensive
Center Left Wing Right Wing Defense Defense
Tomas Hertl Brady Tkachuk Nick Bjugstad Aaron Ekblad Dougie Hamilton
Last Minutes Defensive
Center Left Wing Right Wing Defense Defense
Tomas Hertl Scott Laughton Nick Bjugstad Aaron Ekblad Ryan Pulock
Goaltenders
Starting : Frederik Andersen
Backup : Cam Talbot
Extra Forwards
Normal : Scott Laughton, Brandon Saad, Andrew Mangiapane - PP : Andrew Mangiapane, Sam Bennett - PK : Andrew Mangiapane
Extra Defensemen
Normal : Sean Walker, Dougie Hamilton, Mario Ferraro - PP : Cody Ceci - PK : Sean Walker, Dougie Hamilton
Penalty Shots
Dougie Hamilton, Nick Bjugstad, Quinton Byfield, Troy Terry, Nicolas Roy
Scratches
Bowen Byram (Healthy), Kyle Okposo (Healthy), Warren Foegele (Healthy), Luke Schenn (Healthy), Pierre Engvall (Healthy)
% Time on Ice - Calgary Flames
Lines # - Real PCT - Wanted PCT - Time Play
Normal Forward
1 - 29% - 30% - 12:11
2 - 31% - 30% - 13:17
3 - 24% - 25% - 10:18
4 - 16% - 15% - 6:48
Normal Defense
1 - 36% - 35% - 15:16
2 - 34% - 35% - 14:30
3 - 30% - 30% - 12:48
4 - 0% - 0% - 0:00
PP Forward
1 - 42% - 50% - 2:20
2 - 58% - 50% - 3:12
PP Defense
1 - 42% - 50% - 2:18
2 - 58% - 50% - 3:14
PK Forward
1 - 42% - 50% - 4:30
2 - 58% - 50% - 6:06
PK Defense
1 - 51% - 50% - 5:25
2 - 49% - 50% - 5:11
PK3 Forward
1 - 0% - 50%
2 - 0% - 50%
PK3 Defense
1 - 0% - 50%
2 - 0% - 50%
44 Forward
1 - 45% - 50% - 0:35
2 - 55% - 50% - 0:43
44 Defense
1 - 44% - 50% - 0:34
2 - 56% - 50% - 0:44
Last Minute Offensive - 0:00
Last Minute Defensive - 0:00
Total
Forward - 60:00
Defense - 60:00
|
% Time on Ice - Toronto Maple Leafs
Lines # - Real PCT - Wanted PCT - Time Play
Normal Forward
1 - 29% - 30% - 12:30
2 - 30% - 30% - 12:53
3 - 26% - 25% - 11:09
4 - 14% - 15% - 6:02
Normal Defense
1 - 29% - 33% - 12:31
2 - 37% - 32% - 15:47
3 - 32% - 31% - 13:49
4 - 1% - 4% - 0:27
PP Forward
1 - 53% - 50% - 5:35
2 - 47% - 50% - 5:01
PP Defense
1 - 49% - 50% - 5:09
2 - 51% - 50% - 5:27
PK Forward
1 - 56% - 50% - 3:06
2 - 44% - 50% - 2:26
PK Defense
1 - 48% - 50% - 2:38
2 - 52% - 50% - 2:54
PK3 Forward
1 - 0% - 50%
2 - 0% - 50%
PK3 Defense
1 - 0% - 50%
2 - 0% - 50%
44 Forward
1 - 50% - 50% - 0:39
2 - 50% - 50% - 0:39
44 Defense
1 - 55% - 50% - 0:43
2 - 45% - 50% - 0:35
Last Minute Offensive - 0:00
Last Minute Defensive - 0:00
Total
Forward - 60:00
Defense - 60:00
|
Play-by-Play
1st period
0:01 of 1st period - Tomas Hertl wins face-off versus J.T. Miller in neutral zone.
0:10 of 1st period - Snap shot by Tomas Hertl.
0:10 of 1st period - Shot Blocked by J.T. Miller.
0:12 of 1st period - Wrist shot by Tomas Hertl.
0:12 of 1st period - Shot Blocked by Kris Letang.
0:14 of 1st period - Slapshot by Ryan Pulock.
0:14 of 1st period - Stopped by Ilya Sorokin without a rebound.
0:15 of 1st period - Sebastian Aho wins face-off versus Wyatt Johnston in Calgary Flames zone.
0:22 of 1st period - Snap shot by Sebastian Aho.
0:22 of 1st period - Stopped by Frederik Andersen with a rebound.
1:08 of 1st period - Nic Dowd is hit by Dougie Hamilton and loses puck.
1:30 of 1st period - Wrist shot by Brady Tkachuk.
1:30 of 1st period - Shot Misses the Net.
1:32 of 1st period - Snap shot by Nicolas Roy.
1:32 of 1st period - Shot Misses the Net.
1:34 of 1st period - Snap shot by Nicolas Roy.
1:34 of 1st period - Stopped by Ilya Sorokin without a rebound.
1:35 of 1st period - Sebastian Aho wins face-off versus Wyatt Johnston in Calgary Flames zone.
1:42 of 1st period - Ryan Pulock is hit by Kris Letang.
2:15 of 1st period - Snap shot by Nino Niederreiter.
2:15 of 1st period - Stopped by Ilya Sorokin with a rebound.
2:17 of 1st period - Wrist shot by Nick Bjugstad.
2:17 of 1st period - Shot Misses the Net.
2:31 of 1st period - Slapshot by J.T. Miller.
2:31 of 1st period - Stopped by Frederik Andersen with a rebound.
2:33 of 1st period - Slapshot by Jeremy Lauzon.
2:33 of 1st period - Stopped by Frederik Andersen without a rebound.
2:34 of 1st period - J.T. Miller wins face-off versus Tomas Hertl in Toronto Maple Leafs zone.
2:43 of 1st period - Wrist shot by Matthew Tkachuk.
2:43 of 1st period - Shot Misses the Net.
2:45 of 1st period - Slapshot by Drew Doughty.
2:45 of 1st period - Stopped by Frederik Andersen without a rebound.
2:46 of 1st period - Nic Dowd wins face-off versus Brandon Saad in Toronto Maple Leafs zone.
2:47 of 1st period - Wrist shot by Yakov Trenin.
2:47 of 1st period - Shot Misses the Net.
3:44 of 1st period - Slapshot by Oliver Bjorkstrand.
3:44 of 1st period - Shot Blocked by Dougie Hamilton.
4:18 of 1st period - Sean Walker is hit by Joel Eriksson Ek and loses puck.
4:23 of 1st period - Snap shot by Sebastian Aho.
4:23 of 1st period - Goal by Sebastian Aho - Calgary Flames : 1 - Toronto Maple Leafs : 0.
4:24 of 1st period - Tomas Hertl wins face-off versus J.T. Miller in neutral zone.
4:40 of 1st period - Icing by J.T. Miller.
4:41 of 1st period - J.T. Miller wins face-off versus Nick Bjugstad in Calgary Flames zone.
5:08 of 1st period - Snap shot by Matthew Tkachuk.
5:08 of 1st period - Shot Misses the Net.
5:12 of 1st period - Snap shot by J.T. Miller.
5:12 of 1st period - Stopped by Frederik Andersen with a rebound.
5:14 of 1st period - Snap shot by J.T. Miller.
5:14 of 1st period - Shot Blocked by Ryan Pulock.
5:26 of 1st period - Slapshot by J.T. Miller.
5:26 of 1st period - Stopped by Frederik Andersen with a rebound.
5:38 of 1st period - Slapshot by Matthew Tkachuk.
5:38 of 1st period - Stopped by Frederik Andersen with a rebound.
5:40 of 1st period - Slapshot by Jeff Petry.
5:40 of 1st period - Stopped by Frederik Andersen without a rebound.
5:41 of 1st period - Tomas Hertl wins face-off versus Sebastian Aho in Toronto Maple Leafs zone.
5:41 of 1st period - Tomas Hertl is hit by Drew Doughty.
5:44 of 1st period - Minor Penalty to Brady Tkachuk for Cross-checking.
5:45 of 1st period - Nick Bjugstad wins face-off versus Sebastian Aho in Toronto Maple Leafs zone.
6:41 of 1st period - Zach Hyman is hit by Aaron Ekblad and loses puck.
7:44 of 1st period - Penalty to Brady Tkachuk is over, Brady Tkachuk is back on ice.
8:09 of 1st period - Nic Dowd is hit by Brady Tkachuk and loses puck.
8:22 of 1st period - Scott Laughton is hit by Cole Sillinger and loses puck.
9:20 of 1st period - Snap shot by Yakov Trenin.
9:20 of 1st period - Deflect By Nic Dowd.
9:20 of 1st period - Shot Blocked by Ryan Pulock.
9:20 of 1st period - Puck is out of play.
9:21 of 1st period - Nic Dowd wins face-off versus Wyatt Johnston in Toronto Maple Leafs zone.
9:28 of 1st period - Slapshot by Drew Doughty.
9:28 of 1st period - Shot Misses the Net.
9:30 of 1st period - Slapshot by Kris Letang.
9:30 of 1st period - Shot Misses the Net.
9:32 of 1st period - Wrist shot by Garnet Hathaway.
9:32 of 1st period - Shot Misses the Net.
9:38 of 1st period - Minor Penalty to Quinton Byfield for Interference.
9:39 of 1st period - Sebastian Aho wins face-off versus Scott Laughton in Toronto Maple Leafs zone.
9:56 of 1st period - Snap shot by J.T. Miller.
9:56 of 1st period - Stopped by Frederik Andersen with a rebound.
10:29 of 1st period - Slapshot by J.T. Miller.
10:29 of 1st period - Shot Blocked by Cody Ceci.
10:31 of 1st period - Slapshot by Jeff Petry.
10:31 of 1st period - Goal by Jeff Petry - Calgary Flames : 2 - Toronto Maple Leafs : 0.
10:32 of 1st period - Cole Sillinger wins face-off versus Tomas Hertl in neutral zone.
10:52 of 1st period - Mathieu Joseph is hit by Nicolas Roy and loses puck.
11:03 of 1st period - Snap shot by Yakov Trenin.
11:03 of 1st period - Shot Blocked by Troy Terry.
11:27 of 1st period - Wrist shot by Zach Hyman.
11:27 of 1st period - Stopped by Frederik Andersen with a rebound.
11:29 of 1st period - Wrist shot by Zach Hyman.
11:29 of 1st period - Stopped by Frederik Andersen with a rebound.
11:31 of 1st period - Slapshot by Kris Letang.
11:31 of 1st period - Deflect By Zach Hyman.
11:31 of 1st period - Shot Misses the Net.
11:31 of 1st period - Puck is out of play.
11:32 of 1st period - Tomas Hertl wins face-off versus Oliver Bjorkstrand in Toronto Maple Leafs zone.
11:49 of 1st period - Wrist shot by Brady Tkachuk.
11:49 of 1st period - Deflect By Tomas Hertl.
11:49 of 1st period - Shot Blocked by Jake Middleton.
11:49 of 1st period - Puck is out of play.
11:50 of 1st period - Nick Bjugstad wins face-off versus Sebastian Aho in Calgary Flames zone.
12:15 of 1st period - J.T. Miller is hit by Nicolas Roy and loses puck.
12:39 of 1st period - Minor Penalty to Kris Letang for Holding.
12:40 of 1st period - Pavel Zacha wins face-off versus Tomas Hertl in Calgary Flames zone.
14:37 of 1st period - Jeremy Lauzon is hit by Brady Tkachuk.
14:39 of 1st period - Penalty to Kris Letang is over, Kris Letang is back on ice.
14:40 of 1st period - Off-side.
14:41 of 1st period - Nick Bjugstad wins face-off versus Oliver Bjorkstrand in neutral zone.
14:54 of 1st period - Cody Ceci is hit by Jeremy Lauzon and loses puck.
15:12 of 1st period - Off-side.
15:13 of 1st period - Nic Dowd wins face-off versus Scott Laughton in neutral zone.
15:20 of 1st period - Wrist shot by Drew Doughty.
15:20 of 1st period - Shot Blocked by Aaron Ekblad.
15:40 of 1st period - Slapshot by Zach Hyman.
15:40 of 1st period - Deflect By Sebastian Aho.
15:40 of 1st period - Shot Misses the Net.
15:40 of 1st period - Puck is out of play.
15:41 of 1st period - Tomas Hertl wins face-off versus Sebastian Aho in Toronto Maple Leafs zone.
15:41 of 1st period - Tomas Hertl is hit by Zach Hyman.
16:13 of 1st period - Wrist shot by Joel Eriksson Ek.
16:13 of 1st period - Goal by Joel Eriksson Ek - Calgary Flames : 3 - Toronto Maple Leafs : 0.
16:14 of 1st period - Pavel Zacha wins face-off versus Wyatt Johnston in neutral zone.
16:41 of 1st period - Jeff Petry is hit by Brady Tkachuk and loses puck.
17:11 of 1st period - Slapshot by Drew Doughty.
17:11 of 1st period - Shot Blocked by Brady Tkachuk.
17:17 of 1st period - Snap shot by Tomas Hertl.
17:17 of 1st period - Stopped by Ilya Sorokin with a rebound.
17:19 of 1st period - Slapshot by Tomas Hertl.
17:19 of 1st period - Shot Misses the Net.
17:21 of 1st period - Slapshot by Nicolas Roy.
17:21 of 1st period - Stopped by Ilya Sorokin with a rebound.
17:42 of 1st period - Pavel Zacha is hit by Nicolas Roy and loses puck.
17:47 of 1st period - Wrist shot by Tomas Hertl.
17:47 of 1st period - Stopped by Ilya Sorokin without a rebound.
17:48 of 1st period - Sebastian Aho wins face-off versus Wyatt Johnston in Calgary Flames zone.
17:48 of 1st period - Sebastian Aho is hit by Dougie Hamilton.
18:20 of 1st period - Icing by Nick Bjugstad.
18:21 of 1st period - J.T. Miller wins face-off versus Nick Bjugstad in Toronto Maple Leafs zone.
18:49 of 1st period - Jeremy Lauzon is hit by Andrew Mangiapane and loses puck.
19:16 of 1st period - Snap shot by Nino Niederreiter.
19:16 of 1st period - Deflect By Nick Bjugstad.
19:16 of 1st period - Shot Misses the Net.
19:16 of 1st period - Puck is out of play.
19:17 of 1st period - J.T. Miller wins face-off versus Wyatt Johnston in Calgary Flames zone.
Goals for this period are 3 for Calgary Flames vs 0 for Toronto Maple Leafs.
Shots for this period are 14 for Calgary Flames vs 6 for Toronto Maple Leafs.
2nd period
0:01 of 2nd period - Wyatt Johnston wins face-off versus Sebastian Aho in neutral zone.
0:10 of 2nd period - Slapshot by Quinton Byfield.
0:10 of 2nd period - Deflect By Troy Terry.
0:10 of 2nd period - Stopped by Ilya Sorokin with a rebound.
0:14 of 2nd period - Wrist shot by Troy Terry.
0:14 of 2nd period - Shot Misses the Net.
0:16 of 2nd period - Snap shot by Troy Terry.
0:16 of 2nd period - Deflect By Quinton Byfield.
0:16 of 2nd period - Shot Misses the Net.
0:16 of 2nd period - Puck is out of play.
0:17 of 2nd period - Tomas Hertl wins face-off versus J.T. Miller in Calgary Flames zone.
0:35 of 2nd period - Matthew Tkachuk beats up Brady Tkachuk.
0:35 of 2nd period - Penalty to Brady Tkachuk for Fighting.
0:35 of 2nd period - Penalty to Matthew Tkachuk for Fighting.
0:35 of 2nd period - Penalty to Brady Tkachuk for instigated a fight.
0:35 of 2nd period - Penalty to Brady Tkachuk for instigated a fight.
0:36 of 2nd period - Nick Bjugstad wins face-off versus Joel Eriksson Ek in Calgary Flames zone.
0:37 of 2nd period - Wrist shot by Nicolas Roy.
0:37 of 2nd period - Stopped by Ilya Sorokin without a rebound.
0:38 of 2nd period - Nick Bjugstad wins face-off versus Joel Eriksson Ek in Calgary Flames zone.
0:39 of 2nd period - Wrist shot by Nicolas Roy.
0:39 of 2nd period - Stopped by Ilya Sorokin without a rebound.
0:40 of 2nd period - Nick Bjugstad wins face-off versus Joel Eriksson Ek in Calgary Flames zone.
0:41 of 2nd period - Snap shot by Nicolas Roy.
0:41 of 2nd period - Stopped by Ilya Sorokin without a rebound.
0:42 of 2nd period - Nick Bjugstad wins face-off versus Joel Eriksson Ek in Calgary Flames zone.
0:55 of 2nd period - Snap shot by Pavel Zacha.
0:55 of 2nd period - Shot Blocked by Cody Ceci.
0:59 of 2nd period - Snap shot by Nic Dowd.
0:59 of 2nd period - Shot Blocked by Nicolas Roy.
1:16 of 2nd period - Minor Penalty to J.T. Miller for Tripping.
1:17 of 2nd period - Pavel Zacha wins face-off versus Scott Laughton in Calgary Flames zone.
1:52 of 2nd period - Wrist shot by Nic Dowd.
1:52 of 2nd period - Deflect By Wyatt Johnston.
1:52 of 2nd period - Stopped by Frederik Andersen with a rebound.
2:35 of 2nd period - Penalty to Brady Tkachuk is over, Andrew Mangiapane is send on ice.
2:52 of 2nd period - Drew Doughty is hit by Aaron Ekblad.
3:07 of 2nd period - Jeff Petry is hit by Wyatt Johnston and loses puck.
3:16 of 2nd period - Penalty to J.T. Miller is over, J.T. Miller is back on ice.
3:18 of 2nd period - Pavel Zacha is hit by Andrew Mangiapane and loses puck.
4:36 of 2nd period - Wrist shot by Joel Eriksson Ek.
4:36 of 2nd period - Shot Hit the Post.
4:56 of 2nd period - Wrist shot by Nic Dowd.
4:56 of 2nd period - Shot Misses the Net.
6:06 of 2nd period - Snap shot by Oliver Bjorkstrand.
6:06 of 2nd period - Shot Blocked by Scott Laughton.
7:21 of 2nd period - Wyatt Johnston is hit by Jeff Petry and loses puck.
7:32 of 2nd period - Snap shot by Cole Sillinger.
7:32 of 2nd period - Stopped by Frederik Andersen with a rebound.
7:34 of 2nd period - Wrist shot by Mathieu Joseph.
7:34 of 2nd period - Shot Misses the Net.
7:38 of 2nd period - Slapshot by Mathieu Joseph.
7:38 of 2nd period - Stopped by Frederik Andersen with a rebound.
7:44 of 2nd period - Wrist shot by Mathieu Joseph.
7:44 of 2nd period - Shot Misses the Net.
7:46 of 2nd period - Snap shot by Cole Sillinger.
7:46 of 2nd period - Shot Misses the Net.
8:02 of 2nd period - Wrist shot by Cole Sillinger.
8:02 of 2nd period - Deflect By Mathieu Joseph.
8:02 of 2nd period - Shot Blocked by Wyatt Johnston.
8:02 of 2nd period - Puck is out of play.
8:03 of 2nd period - Sebastian Aho wins face-off versus Tomas Hertl in Toronto Maple Leafs zone.
8:20 of 2nd period - Snap shot by Sebastian Aho.
8:20 of 2nd period - Stopped by Frederik Andersen without a rebound.
8:21 of 2nd period - Nick Bjugstad wins face-off versus J.T. Miller in Toronto Maple Leafs zone.
8:32 of 2nd period - Slapshot by Kris Letang.
8:32 of 2nd period - Stopped by Frederik Andersen with a rebound.
8:53 of 2nd period - Nino Niederreiter is hit by Garnet Hathaway.
8:59 of 2nd period - Snap shot by Nino Niederreiter.
8:59 of 2nd period - Stopped by Ilya Sorokin without a rebound.
9:00 of 2nd period - Sebastian Aho wins face-off versus Wyatt Johnston in Calgary Flames zone.
9:17 of 2nd period - Jeremy Lauzon is hit by Quinton Byfield and loses puck.
9:50 of 2nd period - Snap shot by Yakov Trenin.
9:50 of 2nd period - Stopped by Frederik Andersen with a rebound.
9:52 of 2nd period - Slapshot by Jeremy Lauzon.
9:52 of 2nd period - Stopped by Frederik Andersen with a rebound.
10:14 of 2nd period - Slapshot by Nino Niederreiter.
10:14 of 2nd period - Shot Misses the Net.
10:16 of 2nd period - Snap shot by Dougie Hamilton.
10:16 of 2nd period - Shot Misses the Net.
10:18 of 2nd period - Snap shot by Nick Bjugstad.
10:18 of 2nd period - Shot Misses the Net.
10:20 of 2nd period - Slapshot by Sean Walker.
10:20 of 2nd period - Shot Misses the Net.
11:19 of 2nd period - Minor Penalty to Garnet Hathaway for Tripping.
11:20 of 2nd period - Pavel Zacha wins face-off versus Wyatt Johnston in Calgary Flames zone.
11:31 of 2nd period - Snap shot by Quinton Byfield.
11:31 of 2nd period - Shot Misses the Net.
11:33 of 2nd period - Snap shot by Wyatt Johnston.
11:33 of 2nd period - Shot Misses the Net.
11:35 of 2nd period - Wrist shot by Quinton Byfield.
11:35 of 2nd period - Stopped by Ilya Sorokin without a rebound.
11:36 of 2nd period - Tomas Hertl wins face-off versus Pavel Zacha in Calgary Flames zone.
11:39 of 2nd period - Wrist shot by Tomas Hertl.
11:39 of 2nd period - Shot Misses the Net.
11:41 of 2nd period - Slapshot by Aaron Ekblad.
11:41 of 2nd period - Stopped by Ilya Sorokin with a rebound.
11:43 of 2nd period - Backhand shot by Tomas Hertl.
11:43 of 2nd period - Stopped by Ilya Sorokin without a rebound.
11:44 of 2nd period - Tomas Hertl wins face-off versus Pavel Zacha in Calgary Flames zone.
12:27 of 2nd period - Snap shot by Troy Terry.
12:27 of 2nd period - Shot Misses the Net.
12:39 of 2nd period - Slapshot by Troy Terry.
12:39 of 2nd period - Shot Misses the Net.
12:41 of 2nd period - Snap shot by Andrew Mangiapane.
12:41 of 2nd period - Toronto Maple Leafs goal is going for a video replay.
12:41 of 2nd period - The goal is refused. The puck has entered the net after making contact with an attacking player’s stick that is above the height of the crossbar..
12:42 of 2nd period - Wyatt Johnston wins face-off versus Pavel Zacha in Calgary Flames zone.
12:45 of 2nd period - Snap shot by Wyatt Johnston.
12:45 of 2nd period - Shot Blocked by Jeff Petry.
13:19 of 2nd period - Penalty to Garnet Hathaway is over, Garnet Hathaway is back on ice.
13:39 of 2nd period - Mario Ferraro is hit by Mathieu Joseph and loses puck.
14:10 of 2nd period - Snap shot by Nick Bjugstad.
14:10 of 2nd period - Shot Blocked by Jake Middleton.
14:12 of 2nd period - Slapshot by Ryan Pulock.
14:12 of 2nd period - Shot Misses the Net.
14:47 of 2nd period - Minor Penalty to Mathieu Joseph for Holding.
14:48 of 2nd period - Pavel Zacha wins face-off versus Tomas Hertl in Calgary Flames zone.
15:14 of 2nd period - Pavel Zacha is hit by Quinton Byfield and loses puck.
15:35 of 2nd period - 10 Minutes Misconduct Penalty to Brady Tkachuk is over.
15:43 of 2nd period - Joel Eriksson Ek is hit by Troy Terry and loses puck.
16:47 of 2nd period - Penalty to Mathieu Joseph is over, Mathieu Joseph is back on ice.
17:48 of 2nd period - Nick Bjugstad is hit by Mathieu Joseph and loses puck.
18:23 of 2nd period - Snap shot by Nino Niederreiter.
18:23 of 2nd period - Stopped by Ilya Sorokin without a rebound.
18:24 of 2nd period - Wyatt Johnston wins face-off versus Sebastian Aho in Calgary Flames zone.
18:27 of 2nd period - Wrist shot by Wyatt Johnston.
18:27 of 2nd period - Deflect By Quinton Byfield.
18:27 of 2nd period - Shot Misses the Net.
18:27 of 2nd period - Puck is out of play.
18:28 of 2nd period - Sebastian Aho wins face-off versus Wyatt Johnston in Calgary Flames zone.
18:33 of 2nd period - Wrist shot by Zach Hyman.
18:33 of 2nd period - Stopped by Frederik Andersen without a rebound.
18:34 of 2nd period - Zach Hyman wins face-off versus Wyatt Johnston in Toronto Maple Leafs zone.
18:48 of 2nd period - Wrist shot by Wyatt Johnston.
18:48 of 2nd period - Goal by Wyatt Johnston - Calgary Flames : 3 - Toronto Maple Leafs : 1.
18:49 of 2nd period - Joel Eriksson Ek wins face-off versus Wyatt Johnston in neutral zone.
19:06 of 2nd period - Snap shot by Joel Eriksson Ek.
19:06 of 2nd period - Deflect By Zach Hyman.
19:06 of 2nd period - Stopped by Frederik Andersen without a rebound.
19:07 of 2nd period - Tomas Hertl wins face-off versus Oliver Bjorkstrand in Toronto Maple Leafs zone.
19:14 of 2nd period - Wrist shot by Tomas Hertl.
19:14 of 2nd period - Stopped by Ilya Sorokin with a rebound.
19:43 of 2nd period - Snap shot by Jeff Petry.
19:43 of 2nd period - Stopped by Frederik Andersen with a rebound.
19:45 of 2nd period - Slapshot by Rasmus Andersson.
19:45 of 2nd period - Stopped by Frederik Andersen without a rebound.
19:46 of 2nd period - Wyatt Johnston wins face-off versus J.T. Miller in Toronto Maple Leafs zone.
19:46 of 2nd period - Wyatt Johnston is hit by Jeremy Lauzon.
Goals for this period are 0 for Calgary Flames vs 1 for Toronto Maple Leafs.
Shots for this period are 11 for Calgary Flames vs 12 for Toronto Maple Leafs.
3rd period
0:01 of 3rd period - J.T. Miller wins face-off versus Wyatt Johnston in neutral zone.
0:33 of 3rd period - Slapshot by Nicolas Roy.
0:33 of 3rd period - Shot Misses the Net.
0:49 of 3rd period - Wrist shot by Sam Bennett.
0:49 of 3rd period - Stopped by Ilya Sorokin without a rebound.
0:50 of 3rd period - Oliver Bjorkstrand wins face-off versus Brandon Saad in Calgary Flames zone.
0:50 of 3rd period - Oliver Bjorkstrand is hit by Brandon Saad.
1:06 of 3rd period - Jeremy Lauzon is hit by Mario Ferraro and loses puck.
1:21 of 3rd period - Wrist shot by Sam Bennett.
1:21 of 3rd period - Shot Misses the Net.
1:29 of 3rd period - Snap shot by Mathieu Joseph.
1:29 of 3rd period - Shot Blocked by Mario Ferraro.
1:31 of 3rd period - Wrist shot by Cole Sillinger.
1:31 of 3rd period - Stopped by Frederik Andersen without a rebound.
1:32 of 3rd period - Wyatt Johnston wins face-off versus J.T. Miller in Toronto Maple Leafs zone.
2:01 of 3rd period - Zach Hyman is hit by Nicolas Roy and loses puck.
2:30 of 3rd period - Wrist shot by Nic Dowd.
2:30 of 3rd period - Shot Misses the Net.
3:00 of 3rd period - Slapshot by Brady Tkachuk.
3:00 of 3rd period - Stopped by Ilya Sorokin with a rebound.
3:02 of 3rd period - Wrist shot by Nicolas Roy.
3:02 of 3rd period - Stopped by Ilya Sorokin without a rebound.
3:03 of 3rd period - Oliver Bjorkstrand wins face-off versus Tomas Hertl in Calgary Flames zone.
3:08 of 3rd period - Backhand shot by Brady Tkachuk.
3:08 of 3rd period - Stopped by Ilya Sorokin with a rebound.
3:10 of 3rd period - Snap shot by Aaron Ekblad.
3:10 of 3rd period - Stopped by Ilya Sorokin without a rebound.
3:11 of 3rd period - J.T. Miller wins face-off versus Quinton Byfield in Calgary Flames zone.
3:11 of 3rd period - J.T. Miller is hit by Aaron Ekblad.
3:33 of 3rd period - Minor Penalty to Matthew Tkachuk for Slashing.
3:34 of 3rd period - Pavel Zacha wins face-off versus Wyatt Johnston in Calgary Flames zone.
3:47 of 3rd period - Cole Sillinger is hit by Quinton Byfield and loses puck.
5:33 of 3rd period - Penalty to Matthew Tkachuk is over, Matthew Tkachuk is back on ice.
5:49 of 3rd period - Wrist shot by Nino Niederreiter.
5:49 of 3rd period - Shot Blocked by Yakov Trenin.
6:48 of 3rd period - Off-side.
6:49 of 3rd period - Scott Laughton wins face-off versus J.T. Miller in neutral zone.
6:49 of 3rd period - Scott Laughton is hit by Pavel Zacha.
7:18 of 3rd period - Snap shot by Troy Terry.
7:18 of 3rd period - Stopped by Ilya Sorokin without a rebound.
7:19 of 3rd period - Tomas Hertl wins face-off versus Sebastian Aho in Calgary Flames zone.
7:59 of 3rd period - Slapshot by Troy Terry.
7:59 of 3rd period - Stopped by Ilya Sorokin with a rebound.
8:01 of 3rd period - Wrist shot by Troy Terry.
8:01 of 3rd period - Stopped by Ilya Sorokin with a rebound.
8:03 of 3rd period - Slapshot by Dougie Hamilton.
8:03 of 3rd period - Stopped by Ilya Sorokin without a rebound.
8:04 of 3rd period - Nick Bjugstad wins face-off versus J.T. Miller in Calgary Flames zone.
8:31 of 3rd period - Brady Tkachuk is hit by Jeremy Lauzon and loses puck.
9:14 of 3rd period - Slapshot by J.T. Miller.
9:14 of 3rd period - Shot Blocked by Dougie Hamilton.
9:16 of 3rd period - Wrist shot by Kris Letang.
9:16 of 3rd period - Stopped by Frederik Andersen without a rebound.
9:17 of 3rd period - Tomas Hertl wins face-off versus J.T. Miller in Toronto Maple Leafs zone.
9:17 of 3rd period - Tomas Hertl is hit by J.T. Miller.
9:23 of 3rd period - Wrist shot by J.T. Miller.
9:23 of 3rd period - Stopped by Frederik Andersen with a rebound.
9:25 of 3rd period - Slapshot by Drew Doughty.
9:25 of 3rd period - Shot Blocked by Ryan Pulock.
9:27 of 3rd period - Wrist shot by Matthew Tkachuk.
9:27 of 3rd period - Stopped by Frederik Andersen with a rebound.
9:29 of 3rd period - Slapshot by Matthew Tkachuk.
9:29 of 3rd period - Shot Blocked by Ryan Pulock.
9:31 of 3rd period - Slapshot by Drew Doughty.
9:31 of 3rd period - Stopped by Frederik Andersen without a rebound.
9:32 of 3rd period - Sebastian Aho wins face-off versus Wyatt Johnston in Toronto Maple Leafs zone.
10:55 of 3rd period - Wrist shot by Sam Bennett.
10:55 of 3rd period - Shot Misses the Net.
11:16 of 3rd period - Wrist shot by Garnet Hathaway.
11:16 of 3rd period - Shot Blocked by Troy Terry.
11:18 of 3rd period - Snap shot by Jake Middleton.
11:18 of 3rd period - Stopped by Frederik Andersen without a rebound.
11:19 of 3rd period - J.T. Miller wins face-off versus Tomas Hertl in Toronto Maple Leafs zone.
11:52 of 3rd period - Slapshot by Brady Tkachuk.
11:52 of 3rd period - Stopped by Ilya Sorokin with a rebound.
13:31 of 3rd period - Minor Penalty to Joel Eriksson Ek for Interference.
13:32 of 3rd period - Wyatt Johnston wins face-off versus Pavel Zacha in Calgary Flames zone.
13:37 of 3rd period - Wrist shot by Quinton Byfield.
13:37 of 3rd period - Shot Misses the Net.
13:39 of 3rd period - Slapshot by Sean Walker.
13:39 of 3rd period - Stopped by Ilya Sorokin with a rebound.
14:13 of 3rd period - Brady Tkachuk is hit by Pavel Zacha and loses puck.
15:31 of 3rd period - Penalty to Joel Eriksson Ek is over, Joel Eriksson Ek is back on ice.
16:16 of 3rd period - Slapshot by Joel Eriksson Ek.
16:16 of 3rd period - Shot Blocked by Mario Ferraro.
16:24 of 3rd period - Wrist shot by Joel Eriksson Ek.
16:24 of 3rd period - Stopped by Frederik Andersen with a rebound.
16:26 of 3rd period - Wrist shot by Kris Letang.
16:26 of 3rd period - Shot Blocked by Quinton Byfield.
16:28 of 3rd period - Slapshot by Drew Doughty.
16:28 of 3rd period - Stopped by Frederik Andersen without a rebound.
16:29 of 3rd period - Nick Bjugstad wins face-off versus Oliver Bjorkstrand in Toronto Maple Leafs zone.
16:29 of 3rd period - Nick Bjugstad is hit by Cole Sillinger.
16:32 of 3rd period - Minor Penalty to Nick Bjugstad for Slashing.
16:33 of 3rd period - Scott Laughton wins face-off versus Nic Dowd in Toronto Maple Leafs zone.
18:32 of 3rd period - Penalty to Nick Bjugstad is over, Nick Bjugstad is back on ice.
18:46 of 3rd period - Sean Walker is hit by Rasmus Andersson and loses puck.
Goals for this period are 0 for Calgary Flames vs 0 for Toronto Maple Leafs.
Shots for this period are 8 for Calgary Flames vs 11 for Toronto Maple Leafs.
Back to the Top